 Dungeon Crawl Stone Soup version 0.27-a0-1188-g73eefd5def (webtiles) character file.

Game seed: 15151523039153762650

90 Harga the Ogre Mage (level 4, 0/39 HPs)
             Began as an Ogre Earth Elementalist on May 22, 2021.
             Slain by Grinder (1 damage)
             ... on level 4 of the Dungeon.
             The game lasted 00:18:56 (3270 turns).

Harga the Ogre Mage (Ogre Earth Elementalist)       Turns: 3270, Time: 00:18:57

Health: 0/39       AC:  3    Str: 12    XL:     4   Next: 56%
Magic:  1/9        EV: 10    Int: 17    God:
Gold:   205        SH:  0    Dex:  9    Spells: 8/9 levels left

rFire    . . .     SeeInvis .   (no weapon)
rCold    . . .     Faith    .   (no shield)
rNeg     . . .     Spirit   .   c - +0 robe
rPois    .         Reflect  .   g - +0 hat
rElec    .         Harm     .   (no cloak)
rCorr    .         Rampage  .   (gloves unavailable)
Will     .....                  (boots unavailable)
Stlth    +.........             (no amulet)
HPRegen  0.13/turn              (no ring)
MPRegen  0.11/turn              (no ring)

@: no status effects
A: large, unfitting armour, tough skin 1
a: no special abilities


You were on level 4 of the Dungeon.
You visited 1 branch of the dungeon, and saw 4 of its levels.

You collected 205 gold pieces.

Inventory:

Missiles
 b - 47 stones
Armour
 c - a +0 robe (worn)
 g - a +0 hat (worn)
Wands
 m - a wand of paralysis (1)
Scrolls
 a - a scroll of torment {unknown}
 d - a scroll of identify {unknown}
 f - a scroll of enchant armour {unknown}
 h - a scroll of fear {unknown}
 i - a scroll of magic mapping {unknown}
 j - a scroll of silence {unknown}
 l - a scroll of blinking {unknown}
Potions
 e - a potion of curing
 k - a potion of heal wounds {unknown}


   Skills:
 + Level 2.6 Dodging
 - Level 1.4 Stealth
 + Level 3.3 Spellcasting
 + Level 1.2 Conjurations
 - Level 1.3 Transmutations
 - Level 3.2 Earth Magic


You had 8 spell levels left.
You knew the following spells:

 Your Spells              Type           Power      Damage    Failure   Level
a - Sandblast             Erth           26%        2d8       4%          1

Your spell library contained the following spells:

 Spells                   Type           Power      Damage    Failure   Level
 Passwall                 Tmut/Erth      8%         N/A       10%         2
 Magic Dart               Conj           28%        1d4       11%         1
 Stone Arrow              Conj/Erth      20%        3d8       21%         3
 Blink                    Tloc           N/A        N/A       26%         2
 Call Imp                 Summ           2%         N/A       26%         2
 Slow                     Hex            2%         N/A       26%         2
 Conjure Flame            Conj/Fire      4%         6-21      36%         3
 Mephitic Cloud           Conj/Pois/Air  4%         N/A       38%         3
 Petrify                  Tmut/Erth      10%        N/A       54%         4
 Lee's Rapid Deconstruct  Erth           6%         3d7*      77%         5


Dungeon Overview and Level Annotations

Branches:
Dungeon (4/15)
 Temple: D:4-7

Altars:

Annotations:
D:3 Robin
D:4 Grinder


Innate Abilities, Weirdness & Mutations

You are too large for most types of armour.
You have tough skin. (AC +1)


Message History

Aiming: Sandblast (safe; 4% risk of failure)
Press: ? - help, Shift-Dir - straight line, f/p - Grinder
Aim: Grinder (severely wounded, 77% to hit)
The blast of sand hits Grinder.
Grinder is almost dead.
Grinder gestures at you. Pain shoots through your body!
* * * LOW HITPOINT WARNING * * *
It was a potion of curing.
You feel better.
Grinder drinks a potion.
Grinder is healed!
Casting: Sandblast (safe; 4% risk of failure)
Confirm with . or Enter, or press ? or * to list all spells.
Aiming: Sandblast (safe; 4% risk of failure)
Press: ? - help, Shift-Dir - straight line, f/p - Grinder
Aim: Grinder (severely wounded, 77% to hit)
The blast of sand hits Grinder.
Grinder is severely wounded.
Grinder gestures at you. Pain shoots through your body!
* * * LOW HITPOINT WARNING * * *
You barely miss Grinder.
Grinder is severely wounded.
Grinder blinks!
Grinder hits you.
* * * LOW HITPOINT WARNING * * *
You writhe in agony.
* * * LOW HITPOINT WARNING * * *
You barely miss Grinder.
Grinder is severely wounded.
Grinder gestures at you. Pain shoots through your body!
* * * LOW HITPOINT WARNING * * *
You closely miss Grinder.
Grinder is severely wounded.
Grinder hits you.
* * * LOW HITPOINT WARNING * * *
You hit Grinder but do no damage.
Grinder is severely wounded.
Grinder hits you.
You die...

..#
.############
#..#
.........†5.#
#..#
.......5###.#
#>.# #######@#
#.# #..# #.#
#5# #..### #.#
#.#######.....
#.#
#..........###
#.#
#########..#..
#.# #..#.# #.#
#..#.# #.#
#..... #.#
#.##.#


You could see Grinder.

Vanquished Creatures
  An adder (D:2)
  2 worms
  4 dart slugs
  3 orcs (D:2)
  3 ball pythons
  An endoplasm (D:2)
  3 giant cockroaches
  8 goblins
  6 hobgoblins
  3 jackals (D:3)
  5 kobolds
  2 quokkas (D:1)
  9 bats
  2 frilled lizards (D:1)
  9 rats
61 creatures vanquished.

Notes
Turn   | Place    | Note
-------+----------+-------------------------------------------
     0 | D:1      | Harga the Ogre Earth Elementalist began the quest for the
                  | Orb.
     0 | D:1      | Reached XP level 1. HP: 16/16 MP: 3/3
    34 | D:1      | Reached skill level 1 in Transmutations
   150 | D:1      | Reached XP level 2. HP: 24/24 MP: 3/5
   458 | D:1      | Found a faded altar of an unknown god.
   928 | D:1      | Reached XP level 3. HP: 29/31 MP: 2/7
  1730 | D:2      | Reached XP level 4. HP: 9/39 MP: 0/8
  2065 | D:2      | Reached skill level 1 in Conjurations
  2669 | D:3      | Noticed Robin
  3203 | D:4      | Noticed Grinder
  3240 | D:4      | Paralysed by Grinder for 6 turns
  3261 | D:4      | HP: 1/39 [Grinder/nerve-wracking pain (12)]
  3269 | D:4      | HP: 1/39 [Grinder (3)]
  3270 | D:4      | Slain by Grinder

Illustrated notes

Levels and vault maps discovered:
D:1:      dpeg_arrival_subterranean_lakeside_camping, layout_basic,
          chequers_ecumenical_altar_simple, grunt_decor_one_mirror
D:2:      layout_loops_ring
D:3:      layout_rooms, mrwooster_statue_mirror, uniq_robin
D:4:      layout_loops_ring, minmay_temple_entry_hall,
          ebering_ghost_disaster_area, uniq_grinder, uniq_pikel

Skill      XL: |  1  2  3  4 |
---------------+-------------+-----
Transmutations | 1 |  1.3
Dodging        | 2 |  2.6
Earth Magic    | 3 |  3.2
Spellcasting   | 3 |  3.3
Conjurations   | 1 |  1.2
Stealth        | |  1.4

Action                   |  1- 3 |  4- 6 || total
-------------------------+-------+-------++-------
Melee: Unarmed           |    70 |     5 ||    75
 Cast: Sandblast         |    56 |    49 ||   105
Evoke: Wand              |       |     1 ||     1
  Use: Potion            |       |     1 ||     1
Armor: Robe              |    37 |     8 ||    45
Dodge: Dodged            |    66 |    25 ||    91

Table legend: (Time is in decaauts)
 A = Elapsed time spent in this place.
 B = Non-inter-level travel time spent in this place.
 C = Inter-level travel time spent in this place.
 D = Time resting spent in this place.
 E = Time spent auto-exploring this place.
 F = Levels seen in this place.
 G = Mean time per level.
                   A        B        C        D        E       F      G
               +--------+--------+--------+--------+--------+-----+--------+
         Total |   3275 |   3275 |      0 |    890 |   1187 |   4 |  818.8 |
       Dungeon |   3275 |   3275 |      0 |    890 |   1187 |   4 |  818.8 |
               +--------+--------+--------+--------+--------+-----+--------+

Top non-repeatable levels by time:
     D:1: 1276 daAuts
     D:2: 1248 daAuts
     D:3: 595 daAuts
     D:4: 153 daAuts
